Map: Mist Opportunities

Players

NamroodTuo

  • Race: Zerg Zerg

Марк

  • Race: Protoss Protoss
  • Spawn Location: 6:00

VOD

Have the link to the VOD?

Description

Time

  • Played on: May 9, 2023, 10:43 a.m.
  • Length: 30:06
Show
View Real Time Build Order
Export as new Build Order

NamroodTuo Zerg 

Build Orders:  

Get SALT Encoding   

  6  0:00  Unknown x2  
  12  0:24  Infested Barracks  
  12  0:26  Infested SCV  
  13  0:34  Infested SCV  
  13  0:37  Infested SCV  
  15  0:51  Overlord  
  15  1:17  Infested SCV  
  16  1:23  Infested SCV  
  16  1:26  Infestation Level 1  
  17  1:37  Infested SCV  
  17  1:39  Infested SCV  
  19  1:45  Overlord  
  19  1:56  Infested SCV  
  20  2:03  Infested Refinery  
  20  2:11  Infested Engineering Bay  
  20  2:32  Infested SCV  
  20  2:34  Overlord  
  21  2:45  Infested Refinery  
  21  2:53  Overlord  
  21  3:02  Infested SCV  
  22  3:13  Infested Barracks Tech Lab  
  22  3:24  Infested SCV  
  22  3:29  Infested SCV  
  24  3:51  Retinal Augmentation  
  24  3:59  Infested Marine x5  
  29  4:00  Infested Marine x13  
  41  4:27  Stukov Infantry Weapons Level 1  
  41  4:31  Infestation Level 2  
  41  4:46  Overlord x3  
  40  4:59  Infested Factory  
  40  5:37  Plagued Munitions  
  24  6:07  Infested Bunker  
  28  6:26  Infested SCV x3  
  28  6:27  Infested SCV x2  
  33  6:31  Anaerobic Enhancement  
  33  7:05  Infested SCV x2  
  33  7:07  Infested Command Center  
  39  7:53  Stukov Infantry Armor Level 1  
  39  8:03  Infested Bunker  
  39  8:31  Infested Marine x3  
  39  8:32  Infested Marine x13  
  55  8:55  Infested SCV x3  
  57  9:29  Overseer x3  
  57  9:30  Overseer  
  57  9:33  Broodling Gestation  
  61  9:55  Infested SCV  
  61  9:56  Infested SCV, Infested Bunker  
  48  10:33  Stukov Infantry Weapons Level 2  
  48  10:48  Infested Marine x6  
  48  10:49  Infested Marine x5  
  59  10:59  Infested Barracks  
  59  11:09  Infested Marine  
  60  11:10  Infested Marine x12  
  72  11:36  Infested Armory  
  72  11:37  Infested SCV x2  
  72  11:38  Infested SCV x3  
  81  11:50  Infested Bunker  
  80  12:47  Infested Marine  
  80  12:48  Infested Marine x16  
  86  12:59  Overlord  
  79  13:00  Overlord x4  
  79  13:01  Aggressive Incubation  
  79  13:06  Infested SCV x2  
  79  13:07  Infested SCV x2  
  78  13:43  Regenerative Plating  
  86  13:56  Infested Bunker  
  86  13:58  Infested Bunker  
  86  13:59  Infested Missile Turret  
  86  14:06  Unknown  
  90  14:37  Infested Bunker  
  90  14:43  Stukov Infantry Armor Level 2  
  77  15:09  Infested Bunker  
  81  15:30  Infested Bunker  
  81  15:31  Infested Marine x3  
  81  15:32  Infested Marine x22  
  81  15:33  Infested Marine x15  
  121  15:50  Infested Marine  
  121  15:51  Infested Marine x4  
  125  16:05  Overlord x5  
  81  17:12  Infested Marine x6  
  81  17:13  Infested Marine x14  
  101  17:37  Infested Marine  
  101  17:38  Infested Marine x17  
  101  17:39  Infested Marine x7  
  126  17:53  Calcified Armor  
  130  18:35  Infested Bunker  
  142  18:43  Infested Bunker  
  142  18:53  Stukov Infantry Weapons Level 3  
  150  19:06  Infested Bunker  
  130  19:16  Infested Marine  
  130  19:17  Infested Marine x15  
  130  19:18  Infested Marine x12  
  158  19:28  Infested Bunker  
  133  19:42  Infested Bunker  
  133  19:57  Infested Marine, Infested Bunker  
  133  19:58  Infested Marine x11  
  133  19:59  Infested Marine x13  
  151  20:54  Overlord x4  
  151  20:55  Overlord  
  149  21:08  Infested Missile Turret  
  121  21:25  Infested Missile Turret  
  125  21:42  Infested Missile Turret  
  125  21:57  Infested Bunker  
  125  21:59  Infested Bunker  
  123  22:33  Stukov Infantry Armor Level 3  
  127  22:43  Infested Bunker  
  127  22:50  Infested Bunker  
  131  23:31  Infested Missile Turret  
  131  23:34  Infested Bunker  
  131  23:37  Overlord x5  
  131  23:38  Infested Missile Turret  
  131  23:43  Overseer  
  131  23:44  Overseer x3  
  131  23:59  Infested Bunker  
  131  24:03  Stukov Vehicle and Ship Armor Level 1  
  131  24:09  Infestation Level 3  
  131  24:12  Infested Missile Turret  
  131  24:20  Infested Missile Turret  
  131  24:39  Infested Bunker  
  131  25:28  Infested Missile Turret  
  131  26:43  Stukov Vehicle and Ship Weapons Level 1  
Show
View Real Time Build Order
Export as new Build Order

Марк Protoss 

Build Orders:  

Get SALT Encoding   

  12  0:02  Probe (Chrono Boost)  
  13  0:16  Probe (Chrono Boost)  
  14  0:30  Probe (Chrono Boost)  
  15  1:24  Zoraya Legion  
  15  2:00  Ancient Nexus  
  15  2:04  Probe (Chrono Boost)  
  16  2:18  Probe (Chrono Boost)  
  17  2:24  Xel'Naga Passageway  
  17  2:32  Probe (Chrono Boost)  
  18  2:45  Probe (Chrono Boost)  
  19  2:59  Probe (Chrono Boost)  
  20  3:13  Probe (Chrono Boost)  
  21  3:27  Probe (Chrono Boost)  
  22  3:31  Core Forge  
  22  3:46  Probe (Chrono Boost)  
  22  3:47  Probe (Chrono Boost)  
  24  4:00  Probe (Chrono Boost)  
  24  4:01  Probe (Chrono Boost)  
  26  4:14  Probe (Chrono Boost)  
  26  4:15  Probe (Chrono Boost)  
  28  4:28  Probe (Chrono Boost)  
  28  4:29  Probe (Chrono Boost)  
  30  4:39  Xel'Naga Passageway  
  30  4:42  Probe (Chrono Boost), Constructs Facility  
  30  4:43  Probe (Chrono Boost)  
  32  4:56  Probe x2 (Chrono Boost)  
  34  5:10  Probe x2 (Chrono Boost)  
  36  5:49  Xel'Naga Ambusher x2  
  40  5:52  Xel'Naga Watcher  
  40  5:59  Constructs Bay  
  40  6:07  Xel'Naga Watcher  
  40  6:09  Xel'Naga Ambusher x2  
  44  6:22  Xel'Naga Watcher  
  44  6:47  Xel'Naga Ambusher x2  
  48  7:21  Xel'Naga Ambusher x2  
  52  8:12  Xel'Naga Ambusher  
  52  8:13  Xel'Naga Ambusher  
  56  9:41  Xel'Naga Ambusher x2  
  60  9:58  Xel'Naga Ambusher x2  
  64  10:15  Xel'Naga Ambusher x2  
  68  10:42  Xel'Naga Ambusher  
  68  10:43  Xel'Naga Ambusher  
  72  11:31  Unknown  
  72  11:46  Unknown x4  
  72  12:09  Xel'Naga Ambusher x2  
  76  12:26  Xel'Naga Ambusher  
  76  12:27  Xel'Naga Ambusher  
  80  12:44  Xel'Naga Ambusher x2  
  84  13:32  Xel'Naga Ambusher x2  
  88  13:49  Unknown, Xel'Naga Ambusher x2  
  92  14:00  Unknown x4  
  92  14:36  Xel'Naga Ambusher x2  
  96  14:53  Xel'Naga Ambusher x2  
  100  16:07  Unknown  
  98  16:36  Unknown x4  
  98  16:38  Xel'Naga Ambusher  
  100  18:50  Unknown  
  100  19:05  Unknown x4  
  100  19:10  Tesseract Cannon  
  100  19:11  Tesseract Cannon  
  100  19:14  Tesseract Cannon  
  100  19:16  Tesseract Cannon  
  100  19:18  Tesseract Cannon  
  100  19:23  Tesseract Cannon  
  100  19:25  Tesseract Cannon  
  100  19:26  Tesseract Cannon  
  100  19:29  Tesseract Cannon  
  100  19:31  Tesseract Cannon  
  100  19:33  Tesseract Cannon  
  100  19:35  Tesseract Cannon  
  100  21:47  Unknown  
  100  22:02  Unknown x4  
  100  22:34  Tesseract Cannon x2  
  100  22:36  Tesseract Cannon  
  100  22:38  Tesseract Cannon  
  100  22:41  Tesseract Cannon  
  100  22:43  Tesseract Cannon  
  100  22:45  Tesseract Cannon  
  100  22:46  Tesseract Cannon  
  100  22:51  Tesseract Cannon  
  100  22:53  Tesseract Cannon  
  100  22:55  Tesseract Cannon  
  100  22:56  Tesseract Cannon  
  100  23:36  Tesseract Cannon x2  
  100  23:39  Tesseract Cannon  
  100  23:41  Tesseract Cannon  
  100  23:42  Tesseract Cannon  
  100  23:43  Tesseract Cannon  
  100  23:45  Tesseract Cannon  
  100  23:47  Tesseract Cannon  
  100  23:51  Tesseract Cannon  
  100  23:52  Tesseract Cannon  
  100  23:54  Tesseract Cannon  
  100  23:56  Tesseract Cannon  
  100  24:03  Unknown  
  100  24:17  Unknown x4  
  99  26:18  Unknown  
  97  26:36  Unknown x4  
  97  26:41  Xel'Naga Ambusher  
  95  28:46  Unknown  
  95  28:59  Unknown x4  
Tags
 
Add a new tag
Caveats
  • Supply blocks, unpowered buildings, or Contaminate may cause inaccurate times.
  • Supply counts are checked every 10 seconds.